 Dungeon Crawl Stone Soup version 0.31-a0-705-ga145531891 (webtiles) character file.

Game seed: 5696819100032200348

4 qw the Shooter (level 1, 0/12 HPs)
             Began as a Gargoyle Hunter on Sept 9, 2023.
             Frozen to death by an endoplasm (2 damage)
             ... on level 1 of the Dungeon.
             The game lasted 00:00:02 (149 turns).

qw the Shooter (Gargoyle Hunter)                     Turns: 149, Time: 00:00:02

Health: 0/12       AC:  5    Str: 14    XL:     1   Next: 70%
Magic:  1/1        EV: 11    Int:  9    God:
Gold:   0          SH:  0    Dex: 13    Spells: 0/0 levels left

rFire   . . .        a - +0 shortbow
rCold   . . .        (shield currently unavailable)
rNeg    + . .        c - +0 leather armour
rPois   inf          (no helmet)
rElec   +            (no cloak)
rCorr   .            (no gloves)
SInv    .            (no boots)
Will    .....        (no amulet)
Stlth   +            (no ring)
HPRegen 0.22/turn    (no ring)
MPRegen 0.07/turn

%: no passive effects
@: no status effects
A: sickness immunity, AC +2, negative energy resistance 1, electricity
resistance, torment resistance 1, petrification resistance
a: no special abilities


You were on level 1 of the Dungeon.
You visited 1 branch of the dungeon, and saw 1 of its levels.


Innate Abilities, Weirdness & Mutations

You are immune to sickness and miasma.
Your stone body is resilient. (AC +2)
You are immune to poison.
You resist negative energy. (rN+)
You are resistant to electric shocks. (rElec)
You are resistant to unholy torment.
You are immune to petrification.


   Skills:
 - Level 2.1 Fighting
 + Level 4.2 Ranged Weapons
 - Level 1.5 Dodging
 - Level 1.1 Stealth


You couldn't memorise any spells.
You didn't know any spells.
Your spell library was empty.

Inventory:

Hand Weapons
 a - a +0 shortbow (weapon)
Armour
 c - a +0 leather armour (worn)
 d - a +0 pair of gloves
Scrolls
 b - a scroll of butterflies
 e - a scroll of identify {unknown}

Dungeon Overview and Level Annotations

Branches:
Dungeon (1/15)

Altars:

Shops:
D:1 (


Message History

You shoot an arrow.
The arrow completely misses the dart slug.
You shoot an arrow. The arrow hits the dart slug!
The dart slug is almost dead.
You shoot an arrow. The arrow hits the dart slug.
You kill the dart slug!
Found a spear.
d - a +0 pair of gloves
There is a stone staircase leading down here.
A goblin and a rat come into view.
The goblin shouts!
You shoot an arrow. The arrow hits the rat.
You kill the rat!
The goblin hits you but does no damage.
You shoot an arrow. The arrow hits the goblin!
You kill the goblin!
Things that are here:
a +0 club; a goblin corpse You open the door.
There is an open door here.
You see here an orb of wrath.
Enter note:
Enter note:
e - a scroll labelled FEPREB WASIA
Found a club and a human corpse.
An endoplasm comes into view.
The endoplasm quivers.
You shoot an arrow. The arrow hits the endoplasm.
The endoplasm is moderately wounded.
The endoplasm completely misses you.
You shoot an arrow. The arrow barely misses the endoplasm.
The endoplasm freezes you.
You are frozen.
You shoot an arrow. The arrow hits the endoplasm.
The endoplasm is heavily wounded.
The endoplasm freezes you.
You are frozen.
The endoplasm freezes you.
You are frozen.
You die...

##...##
##%.)..## #
#.......##
..#...\....##
......... .#
#.....##.###
###..J##....#
#....@......#
#...........####
#...............
##..............
#......[.......
#..........####
#..........#
#..........#
#..........#


You could see an endoplasm.

Vanquished Creatures
  A dart slug (D:1)
  A goblin (D:1)
  A rat (D:1)
3 creatures vanquished.

Notes
Turn   | Place    | Note
-------+----------+-------------------------------------------
     0 | D:1      | qw the Gargoyle Hunter began the quest for the Orb.
     0 | D:1      | Reached XP level 1. HP: 12/12 MP: 1/1
     0 | D:1      | 0 ||| qw: Version: 0.3-a-80-g6052c40
     0 | D:1      | 0 ||| qw: Game counter: 1335
     0 | D:1      | 0 ||| qw: Melee chars always use a shield: true
     0 | D:1      | 0 ||| qw: God list: Okawaru
     0 | D:1      | 0 ||| qw: Allow faded altars: false
     0 | D:1      | 0 ||| qw: Do Orc after clearing Dungeon:15 true
     0 | D:1      | 0 ||| qw: Do second Lair branch before Depths: true
     0 | D:1      | 0 ||| qw: Lair rune preference: random
     0 | D:1      | 0 ||| qw: Goals: Normal
     0 | D:1      | 0 ||| PLANNING D:1-11
   140 | D:1      | Found Lanatir's Weapon Boutique.
   149 | D:1      | HP: 2/12 [frozen (5)]
   149 | D:1      | Frozen to death by an endoplasm

Levels and vault maps discovered:
D:1:      dpeg_arrival_leaves_temple_mockup, layout_basic, serial_shops,
          nicolae_shop_bloodbath_and_beyond, chequers_decorated_corner

Action                     || total
---------------------------++-------
   Fire: Shortbow          ||     9
 Armour: Leather armour    ||     1
  Dodge: Dodged            ||     3

Table legend:
 A = Non-vault XP
 B = Vault XP
 C = Vault XP percentage of total XP
 D = Non-vault monster count
 E = Vault monster count
 F = Vault count percentage of total count
                 A         B        C        D         E       F
            +---------+---------+-------+---------+---------+-------
      Total |       7 |       0 |   0.0 |       3 |       0 |   0.0
            +---------+---------+-------+---------+---------+-------
        D:1 |       7 |       0 |   0.0 |       3 |       0 |   0.0
            +---------+---------+-------+---------+---------+-------
